 Dungeon Sprint DCSS version 0.22.1-2-g9c5b331383 (webtiles) character file.

96 Groucho the Covered (level 4, -1/45 HPs)
             Began as a Minotaur Fighter on Dec 30, 2018.
             Slain by a water elemental (10 damage)
             ... in the Dungeon (Sprint III: "The Ten Rune Challenge").
             The game lasted 00:01:01 (605 turns).

Groucho the Covered (Minotaur Fighter)               Turns: 605, Time: 00:01:02

Health: -1/45      AC:  7    Str: 20    XL:     4   Next: 41%
Magic:  3/3        EV:  8    Int:  5    God:
Gold:   40         SH: 10    Dex: 11    Spells: 3/3 levels left

rFire    . . .     SeeInvis .   a - +0 war axe
rCold    . . .     Gourm    .   c - +0 shield
rNeg     . . .     Faith    .   b - +0 scale mail
rPois    .         Spirit   .   (helmet restricted)
rElec    .         Reflect  .   (no cloak)
rCorr    .         Harm     .   (no gloves)
MR       .....     NoTele   +   (no boots)
Stlth    ..........             (no amulet)
HPRegen  0.15/turn              (no ring)
MPRegen  0.08/turn              (no ring)

@: engulfed (cannot breathe), hasted, very quick
A: retaliatory headbutt, horns 2
a: no special abilities


You were in the Dungeon.
You were not hungry.

You visited 1 branch You collected 40 gold pieces.

Inventory:

Hand Weapons
 a - a +0 war axe (weapon)
Armour
 b - a +0 scale mail (worn)
 c - a +0 shield (worn)
Scrolls
 e - 2 scrolls of torment {unknown}
 g - a scroll of random uselessness {unknown}
 k - a scroll of blinking
 l - a scroll of enchant armour {unknown}
 n - 2 scrolls of remove curse {unknown}
Potions
 d - a potion of might
 i - 2 potions of magic
 j - a potion of berserk rage
 m - 3 potions of flight
 o - a potion of lignification {unknown}
Comestibles
 f - 4 rations


   Skills:
 + Level 6.3 Fighting
 + Level 5.7 Axes
 + Level 6.4 Armour
 + Level 6.3 Shields


You had 3 spell levels left.
You didn't know any spells.
Your spell library was empty.

Dungeon Overview and Level Annotations

Branches:
Dungeon (1/1)

Altars:


Innate Abilities, Weirdness & Mutations

You reflexively headbutt those who attack you in melee.
You have a pair of horns on your head.


Message History

You hit the water elemental but do no damage.
The water elemental is almost destroyed.
Your lungs strain for air!
You block the water elemental's attack.
You closely miss the water elemental.
The water elemental is almost destroyed.
Your lungs strain for air!
You block the water elemental's attack.
Your shield and scale mail prevent you from hitting the water elemental.
Your headbutt misses the water elemental.
The water elemental is almost destroyed.
Your lungs strain for air!
The water elemental hits you.
You closely miss the water elemental.
You headbutt the water elemental, but do no damage.
The water elemental is almost destroyed.
* * * LOW HITPOINT WARNING * * *
Your lungs strain for air!
The water elemental hits you!
You die...

▓▓▓▓▓▓▓▓▓▓▓ ▓▓▓
.#!.'.....♣ ♣.#
.#!.#....♣♣ ♣.#
'####....♣♣♣ ♣♣.#
....#....≈.♣ ♣..###+#+##
....#...≈≈♣♣ ♣..#.......
....#..≈≈≈≈♣♣♣..@.⌠.....
###)#..≈≈≈≈≈≈♣..#E..####
....#.≈≈≈≈≈≈....#.⌠.#
....#.≈≈≈≈≈.....#...#
....#.≈≈≈.......#+###
#####...........#
................#
▓▓▓▓▓▓▓▓▓▓▓▓▓▓▓▓▓


You could see a water elemental.

Vanquished Creatures
  A scorpion (D)
  Jessica (D)
  A human (D)
  3 rats (D)
6 creatures vanquished.

Vanquished Creatures (others)
  2 draconian scorchers (D)
  6 hellions (D)
  2 yaktaurs (D)
  A plant (D)
11 creatures vanquished.

Grand Total: 17 creatures vanquished

Notes
Turn   | Place    | Note
-------+----------+-------------------------------------------
     0 | D        | Groucho the Minotaur Fighter began the quest for the Orb.
     0 | D        | Reached XP level 1. HP: 19/19 MP: 0/0
    10 | D        | Noticed Jessica
    19 | D        | Killed Jessica
    19 | D        | Reached skill level 5 in Fighting
    19 | D        | Reached skill level 5 in Armour
    19 | D        | Reached skill level 5 in Shields
    19 | D        | Reached XP level 2. HP: 22/29 MP: 1/1
    60 | D        | Killed a yaktaur
    62 | D        | Killed a hellion
    64 | D        | Killed a hellion
    65 | D        | Killed a hellion
    73 | D        | Killed a hellion
    89 | D        | Killed a hellion
   123 | D        | Noticed a scorpion
   144 | D        | Killed a white draconian scorcher
   146 | D        | Killed a scorpion
   146 | D        | Reached skill level 5 in Axes
   146 | D        | Reached XP level 3. HP: 5/37 MP: 2/2
   146 | D        | Reached XP level 4. HP: 6/44 MP: 3/3
   152 | D        | Killed a white draconian scorcher
   226 | D        | Killed a yaktaur
   314 | D        | Killed a hellion
   591 | D        | Noticed a water elemental
   605 | D        | Slain by a water elemental

Skill      XL: |  1  2 |
---------------+-------+-----
Fighting       | 5 6 |  6.3
Axes           | 4 5 |  5.7
Armour         | 5 6 |  6.4
Shields        | 5 6 |  6.3

Action                   |  1- 3 |  4- 6 || total
-------------------------+-------+-------++-------
Melee: War axe           |    32 |    20 ||    52
       Headbutt          |     6 |     6 ||    12
  Use: Potion            |     2 |     1 ||     3
Armor: Scale mail        |     9 |     3 ||    12
Dodge: Dodged            |     5 |     1 ||     6
Block: Shield            |    11 |    11 ||    22
